 Dungeon Sprint DCSS version 0.17-a0-1651-gae1a69f (webtiles) character file.

72 nuthulu the Covert (level 4, -5/21 HPs)
             Began as a Spriggan Enchanter on Aug 14, 2015.
             Was a Follower of Dithmenos.
             Slain by a merfolk
             ... wielding a +0 trident
              (19 damage)
             ... in the Dungeon (Sprint V: "Ziggurat Sprint").
             The game lasted 00:01:43 (266 turns).

nuthulu the Covert (Spriggan Enchanter)              Turns: 266, Time: 00:01:43

Health: -5/21      AC:  3    Str:  4    XL:     4   Next: 6%
Magic:  4/13       EV: 22    Int: 22    God:    Dithmenos [*.....]
Gold:   0          SH:  0    Dex: 23    Spells: 3 memorised, 9 levels left

rFire  . . .     SeeInvis +     I - +5 rapier
rCold  . . .     Clarity  .     b - +1 robe
rNeg   . . .     SustAt   .     (shield restricted)
rPois  .         Gourm    .     (helmet restricted)
rElec  .         Spirit   .     (no cloak)
rCorr  .         Warding  .     (gloves unavailable)
rMut   .         NoTele   +     (boots unavailable)
MR     .....                    (no amulet)
Stlth  ++++++....               D - +6 ring of dexterity
                                F - +6 ring of intelligence

@: very slightly contaminated, wreathed by umbra, very quick, not resistant to
hostile enchantments, very stealthy
A: unfitting armour, see invisible, herbivore 3, speed 3, slow metabolism 2
a: Renounce Religion


You were in the Dungeon.
You worshipped Dithmenos.
Dithmenos was aware of your devotion.
You were not hungry.

You visited 1 branch

Inventory:

Hand weapons
 a - a +1 dagger
 I - a +5 rapier (weapon)
Armour
 b - a +1 robe (worn)
Jewellery
 C - a +6 ring of dexterity
 D - a +6 ring of dexterity (right hand)
 E - a +6 ring of intelligence
 F - a +6 ring of intelligence (left hand)
 G - a +6 ring of strength
 H - a +6 ring of strength
Magical devices
 y - a wand of disintegration (7)
 z - a wand of fire (5)
 A - a wand of cold (4)
 B - a wand of draining (5)
Scrolls
 j - 4 scrolls of blinking
 q - 4 scrolls of amnesia
 r - 3 scrolls of recharging
 s - 7 scrolls of fog
 t - a scroll of holy word
 u - 5 scrolls of identify
 v - 5 scrolls of remove curse
 w - 2 scrolls of fear
Potions
 e - 10 potions of curing
 f - 9 potions of heal wounds
 g - 6 potions of haste
 h - 7 potions of magic
 i - 2 potions of berserk rage
 k - 2 potions of brilliance
 l - 2 potions of invisibility
 m - 4 potions of resistance
 o - 5 potions of agility
 p - 5 potions of might
Books
 c - a book of Maledictions

   Spells                             Type                      Level
   a - Corona                         Hexes                        1
   b - Ensorcelled Hibernation        Hexes/Ice                    2
   c - Confuse                        Hexes                        3
   d - Tukima's Dance                 Hexes                        3
   e - Dazzling Spray                 Conjuration/Hexes            3
 n - a book of the Tempests

   Spells                             Type                      Level
   a - Static Discharge               Conjuration/Air              3
   b - Lightning Bolt                 Conjuration/Air              5
   c - Fireball                       Conjuration/Fire             5
   d - Tornado                        Air                          9
   e - Shatter                        Earth                        9
Comestibles
 d - 5 bread rations
 x - 42 fruits


   Skills:
 + Level 5.0 Short Blades
 + Level 4.8 Dodging
 + Level 8.3 Stealth
 + Level 6.1 Spellcasting
 + Level 6.5 Hexes


You had 9 spell levels left.
You knew the following spells:

 Your Spells              Type           Power        Failure   Level  Hunger
a - Corona                Hex            #####..      1%          1    None
b - Ensorcelled Hibernat  Hex/Ice        ###...       4%          2    None
c - Tukima's Dance        Hex            #####...     1%          3    #......


Dungeon Overview and Level Annotations

Branches:
Dungeon (1/1)

Altars:
Ashenzari
Cheibriados
Dithmenos
Elyvilon
Fedhas
Gozag
Kikubaaqudgha
Makhleb
Nemelex Xobeh
Okawaru
Qazlal
Ru
Sif Muna
Trog
Vehumet
Xom
Yredelemnul
Zin
The Shining One
Beogh
Jiyva
Lugonu


Innate Abilities, Weirdness & Mutations

You are tiny and cannot use many weapons and most armour.
You have supernaturally acute eyesight.
You are a herbivore.
You cover ground extremely quickly.
You need consume almost no food.


Message History

Press: ? - help, Shift-Dir - straight line, f/p - merfolk
Aim: a merfolk, wielding a trident (chance to defeat MR: 76%)
You miscast Tukima's Dance.
You are very lightly contaminated with residual magic.
You feel off-balance for a moment.
The merfolk throws a throwing net.
The throwing net completely misses you.
The merfolk throws a tomahawk.
The tomahawk hits you!
* * * LOW HITPOINT WARNING * * *
Unknown command.
Drink which item? (? for menu, Esc to quit)
You feel much better. The merfolk completely misses you.
Casting: Tukima's Dance
Confirm with . or Enter, or press ? or * to list all spells.
Aiming: Tukima's Dance
Press: ? - help, Shift-Dir - straight line, f/p - merfolk
Aim: a merfolk, wielding a trident (chance to defeat MR: 76%)
The trident dances into the air!
The merfolk barely misses you.
The merfolk hits you from afar with a trident!!
Ouch! That really hurt!
You die...

▓▓▓▓▓▓▓▓▓▓▓▓▓▓▓▓▓▓▓
▓.8©8.▓.8©8.▓.8©8.▓
▓.:}..▓..)).▓.....▓
▓(.)..▓.....▓.|.:.▓
▓.....▓.....▓.....▓
▓..mmm▓.....▓...).▓
▓..m..▓.....▓.....▓
▓..@..▓.....▓▓▓▓▓▓▓
▓▓▓▓▓▓▓▓▓▓▓▓▓


You could see 4 merfolk and a friendly trident.

Vanquished Creatures
  A wight (D)
  2 adders (D)
  A ball python (D)
  A quokka zombie (D)
5 creatures vanquished.

Notes
Turn   | Place    | Note
--------------------------------------------------------------
     0 | D        | nuthulu the Spriggan Enchanter began the quest for the Orb.
     0 | D        | Reached XP level 1. HP: 9/9 MP: 5/5
     0 | D        | Found a roughly hewn altar of Beogh.
     0 | D        | Found a corrupted altar of Lugonu.
     0 | D        | Found a viscous altar of Jiyva.
     0 | D        | Found a white marble altar of Elyvilon.
     0 | D        | Found a sparkling altar of Nemelex Xobeh.
     0 | D        | Found a burning altar of Makhleb.
     0 | D        | Found an iron altar of Okawaru.
     0 | D        | Found a deep blue altar of Sif Muna.
     0 | D        | Found a radiant altar of Vehumet.
     0 | D        | Found a bloodstained altar of Trog.
     0 | D        | Found a shimmering altar of Xom.
    36 | D        | Became a worshipper of Dithmenos the Shadowed
    37 | D        | Reached skill level 7 in Stealth
    37 | D        | Reached skill level 5 in Spellcasting
    37 | D        | Reached skill level 5 in Hexes
    37 | D        | Reached XP level 2. HP: 13/13 MP: 6/9
    41 | D        | Learned a level 2 spell: Ensorcelled Hibernation
    69 | D        | Entered arena 1.
    69 | D        | Noticed a wight
    79 | D        | Killed a wight
    79 | D        | Reached skill level 8 in Stealth
    79 | D        | Reached XP level 3. HP: 11/16 MP: 11/11
   201 | D        | Learned a level 3 spell: Tukima's Dance
   231 | D        | Entered arena 2.
   238 | D        | Reached skill level 5 in Short Blades
   238 | D        | Reached XP level 4. HP: 21/21 MP: 10/13
   260 | D        | Entered arena 3.
   260 | D        | Noticed a merfolk
   260 | D        | Noticed a merfolk
   260 | D        | Noticed a merfolk
   260 | D        | Noticed a merfolk
   266 | D        | Slain by a merfolk

Vault maps used:
D:        sprint_v

Action                   |  1- 3 |  4- 6 || total
-------------------------+-------+-------++-------
Melee: Rapier            |     6 |     1 ||     7
 Cast: Ensorcelled Hiber |     1 |       ||     1
       Tukima's Dance    |       |     2 ||     2
Evoke: Wand              |     1 |       ||     1
  Use: Potion            |     2 |     1 ||     3
 Stab: Sleeping          |     2 |     1 ||     3
